 Dungeon Crawl Stone Soup version 0.29.1-15-g9cfb28693d (webtiles) character file.

Game seed: 9709918684970922477

423 shadowmeld the Magician (level 7, -3/49 HPs)
             Began as a Djinni Fire Elementalist on Apr 11, 2023.
             Slain by Edmund
             ... wielding a +4 dire flail of protection
              (17 damage)
             ... on level 4 of the Dungeon.
             The game lasted 00:10:43 (3292 turns).

shadowmeld the Magician (Djinni Fire Elementalist)  Turns: 3292, Time: 00:10:43

Health: -3/49      AC:  2    Str:  7    XL:     7   Next: 17%
Gold:   177        EV: 12    Int: 18    God:
                   SH:  0    Dex: 14

rFire   + + .      SeeInvis +   m - +9 dagger of Reinforcement {venom, SInv}
rCold   x . .      Faith    .   (no shield)
rNeg    . . .      Spirit   .   a - +0 robe
rPois   ∞          Reflect  .   (no helmet)
rElec   .          Harm     .   (no cloak)
rCorr   .          Rampage  .   (no gloves)
Will    .....                   (boots unavailable)
Stlth   ++........              (no amulet)
HPRegen 0.16/turn               (no ring)
MPRegen 0.00/turn               (no ring)

@: flying
A: sickness immunity, fire resistance 2, cold vulnerability 1, float, innate
caster, HP casting, extra vitality 1
a: no special abilities


You were on level 4 of the Dungeon.
You visited 1 branch of the dungeon, and saw 4 of its levels.

You collected 177 gold pieces.

Inventory:

Hand Weapons
 m - the +9 dagger of Reinforcement (weapon) {venom, SInv}
   (You found it on level 2 of the Dungeon)

   It poisons the flesh of those it strikes.
   SInv:      It lets you see invisible.
Armour
 a - a +0 robe (worn)
Scrolls
 b - 2 scrolls of identify {unknown}
 h - a scroll of magic mapping {unknown}
 i - a scroll of amnesia {unknown}
 j - a scroll of poison {unknown}
 o - a scroll of summoning {unknown}
 p - a scroll of enchant weapon {unknown}
 r - a scroll of immolation {unknown}
Potions
 c - 3 potions of heal wounds {unknown}
 d - a potion of attraction {unknown}
 e - a potion of might {unknown}
 f - a potion of degeneration {unknown}
 g - 4 potions of haste {unknown}
 k - 3 potions of curing {unknown}
 l - a potion of brilliance {unknown}
 n - 2 potions of lignification {unknown}
 q - a potion of cancellation {unknown}


   Skills:
 * Level 2.1 Fighting
 + Level 2.3 Dodging
 - Level 1.7 Stealth
 * Level 5.4 Spellcasting


You couldn't memorise any spells.
You knew the following spells:

 Your Spells              Type           Power      Damage    Failure   Level
a - Foxfire               Conj/Fire      96%        2x1d8     1%          1
b - Scorch                Fire           48%        2d7       1%          2
c - Conjure Flame         Conj/Fire      24%        6-21      4%          3
d - Inner Flame           Hex/Fire       24%        N/A       4%          3
e - Flame Wave            Conj/Fire      24%        2d8       13%         4
f - Freeze                Ice            96%        1d11      1%          1
g - Wereblood             Tmut           24%        N/A       1%          2
h - Passwall              Tmut/Erth      20%        N/A       1%          2
Your spell library was empty.

Dungeon Overview and Level Annotations

Branches:
Dungeon (4/15)
 Temple: D:4-7

Altars:

Annotations:
D:4 Edmund


Innate Abilities, Weirdness & Mutations

You are immune to sickness and miasma.
You are immune to poison.
Your flesh is very heat resistant. (rF++)
You are vulnerable to cold. (rC-)
You float through the air rather than walking.
You learn spells naturally, not from books.
Your magical power is your life essence.
You have superior vitality. (+4 MHP)


Message History

Confirm with . or Enter, or press ? or * to list all spells.
You conjure some foxfire!
The foxfire hits Edmund.
Edmund is lightly wounded.
The foxfire hits Edmund but does no damage.
Edmund is lightly wounded.
Casting: Foxfire (safe; 1% risk of failure)
Confirm with . or Enter, or press ? or * to list all spells.
You conjure some foxfire!
The foxfire hits Edmund.
Edmund is lightly wounded.
The foxfire hits Edmund.
Edmund is moderately wounded.
Casting: Foxfire (safe; 1% risk of failure)
Confirm with . or Enter, or press ? or * to list all spells.
Flames lash Edmund but do no damage.
The foxfire hits Edmund.
Edmund is moderately wounded.
The foxfire hits Edmund.
Edmund is moderately wounded.
Casting: Scorch (safe; 1% risk of failure)
Confirm with . or Enter, or press ? or * to list all spells.
Flames lash Edmund.
Edmund is heavily wounded.
Edmund's fire resistance burns away.
You barely miss Edmund.
Edmund is heavily wounded.
Edmund hits you with a +4 dire flail of protection!
You hit Edmund.
Edmund is heavily wounded.
Edmund is no longer more vulnerable to fire.
Edmund hits you with a +4 dire flail of protection!
You closely miss Edmund.
Edmund is heavily wounded.
The goblin hits you with a +0 club. Edmund barely misses you.
You completely miss the goblin. The goblin barely misses you.
Edmund hits you with a +4 dire flail of protection.
* * * LOW HITPOINT WARNING * * *
You hit the goblin.
The goblin is poisoned.
The goblin is severely wounded.
You kill the goblin!
Edmund hits you with a +4 dire flail of protection!
You die...

#.......#.###.#
#..... #.......#.#
#.#
.....###.#...#.#.#
#.#
....(...#...#....
#.#
....#.##...#####
#.# ...#.....
#######.# #
#..#.### #.......#
##.##.@)...#
#.#######
#.....@..# #.#
#........# #.#
#.......[# #.#
#........# #.#
........#.######.#
##.....##........#
#..... ##########
#..... ##.###


You could see Edmund.

Vanquished Creatures
  Grinder (D:3)
  A hound (D:3)
  Natasha (thrice) (D:2)
  An iguana (D:2)
  3 adders
  3 worms
  2 dart slugs
  An orc (D:3)
  5 ball pythons
  7 endoplasms
  A giant cockroach (D:3)
  7 goblins
  7 hobgoblins
  6 jackals (D:2)
  3 kobolds (D:1)
  A quokka (D:2)
  5 bats
  3 frilled lizards (D:3)
  3 rats (D:2)
63 creatures vanquished.

Vanquished Creatures (others)
  56 foxfires
56 creatures vanquished.

Grand Total: 119 creatures vanquished

Notes
Turn   | Place    | Note
-------+----------+-------------------------------------------
     0 | D:1      | shadowmeld the Djinni Fire Elementalist began the quest for
                  | the Orb.
     0 | D:1      | shadowmeld set off with the following spells memorised:
                  | Foxfire, Scorch, Conjure Flame, Inner Flame, Flame Wave.
     0 | D:1      | Reached XP level 1. HP: 15/15 MP: 0/0
    49 | D:1      | Found a faded altar of an unknown god.
   231 | D:1      | Reached XP level 2. HP: 18/21 MP: 0/0
   612 | D:1      | Reached skill level 3 in Spellcasting
   821 | D:1      | Reached XP level 3. HP: 22/25 MP: 0/0
   821 | D:1      | Learned a level 1 spell: Freeze
  1056 | D:2      | Noticed Natasha
  1061 | D:2      | Killed Natasha
  1065 | D:2      | Reached skill level 1 in Fighting
  1065 | D:2      | Reached XP level 4. HP: 13/32 MP: 0/0
  1395 | D:2      | Noticed Natasha
  1402 | D:2      | Killed Natasha
  1403 | D:2      | Reached XP level 5. HP: 20/37 MP: 0/0
  1403 | D:2      | Learned a level 2 spell: Wereblood
  1543 | D:2      | Noticed Natasha
  1546 | D:2      | Reached skill level 4 in Spellcasting
  1548 | D:2      | Killed Natasha
  2071 | D:2      | Identified the +9 dagger of Reinforcement {venom, SInv}
  2272 | D:3      | Reached XP level 6. HP: 33/43 MP: 0/0
  2650 | D:3      | Noticed Grinder
  2655 | D:3      | Paralysed by Grinder for 4 turns
  2659 | D:3      | Killed Grinder
  2660 | D:3      | Reached skill level 5 in Spellcasting
  2660 | D:3      | Reached XP level 7. HP: 37/49 MP: 0/0
  2660 | D:3      | Learned a level 2 spell: Passwall
  3281 | D:4      | Noticed Edmund
  3292 | D:4      | Slain by Edmund

Illustrated notes

Levels and vault maps discovered:
D:1:      psy_arrival_heroes, layout_basic,
          shapermc_ecumenical_altar_starsandcircs
D:2:      layout_rooms, kennysheep_crisscross, uniq_natasha
D:3:      layout_basic, nrook_mini_backslash, uniq_grinder
D:4:      layout_basic, mainiacjoe_overflow_tiny_flanked, ashenzari_altar_1,
          minivault_23, uniq_edmund, uniq_pikel, uniq_ijyb

Skill      XL: |  1  2  3  4  5  6 |
---------------+-------------------+-----
Spellcasting   | 3 4 5 |  5.4
Fighting       | 1 2 |  2.1
Dodging        | |  2.3
Stealth        | |  1.7

Action                   |  1- 3 |  4- 6 |  7- 9 || total
-------------------------+-------+-------+-------++-------
Melee: Dagger            |       |       |     5 ||     5
 Cast: Foxfire           |    34 |       |     3 ||    37
       Scorch            |     6 |    53 |    16 ||    75
Armor: Robe              |       |     1 |       ||     1
Dodge: Dodged            |     1 |     6 |     3 ||    10
